 Dungeon Crawl Stone Soup version 0.24-a0-412-ge138f7edaf (webtiles) character file.

Game seed: 16613370127994811316

93 emperorscorpion the Chopper (level 4, -1/36 HPs)
             Began as a Demonspawn Berserker on June 6, 2019.
             Was a Follower of Trog.
             Slain by an ogre
             ... wielding a +0 giant club
              (13 damage)
             ... on level 4 of the Dungeon.
             The game lasted 00:05:14 (679 turns).

emperorscorpion the Chopper (Demonspawn Berserker)   Turns: 679, Time: 00:05:14

Health: -1/36      AC:  8    Str: 23    XL:     4   Next: 37%
Magic:  0/4        EV: 11    Int:  6    God:    Trog [*.....]
Gold:   35         SH:  3    Dex: 15    Spells: 3/3 levels left

rFire    . . .     SeeInvis .   a - +0 hand axe
rCold    . . .     Gourm    .   g - +0 buckler
rNeg     . . .     Faith    .   k - +0 chain mail
rPois    .         Spirit   +   (no helmet)
rElec    .         Reflect  .   (no cloak)
rCorr    .         Harm     .   (no gloves)
MR       .....                  (no boots)
Stlth    ..........             (no amulet)
HPRegen  0.12/turn              h - +3 ring of evasion
MPRegen  0.09/turn              (no ring)

@: mighty, lethally poisoned (-1 -> -3), berserk cooldown, slowed, very slow
A: claws 1, agile 1, dopey 1, magic shield
a: Berserk, Renounce Religion


You were on level 4 of the Dungeon.
You worshipped Trog.
Trog was aware of your devotion.
You were hungry.

You visited 1 branch of the dungeon, and saw 4 of its levels.

You collected 35 gold pieces.

Inventory:

Hand Weapons
 a - a +0 hand axe (weapon)
 j - a +0 mace
Armour
 b - a +0 animal skin
 g - a +0 buckler (worn)
 k - a +0 chain mail (worn)
Jewellery
 h - a +3 ring of evasion (left claw)
Scrolls
 e - a scroll of remove curse {unknown}
 i - a scroll of magic mapping {unknown}
Comestibles
 c - 3 rations
 f - 2 chunks of flesh


   Skills:
 + Level 3.6 Fighting
 + Level 3.9 Axes
 + Level 2.0 Armour
 + Level 2.1 Dodging
 + Level 0.6 Stealth
 + Level 0.1 Shields


You had 3 spell levels left.
You didn't know any spells.
Your spell library was empty.

Dungeon Overview and Level Annotations

Branches:
Dungeon (4/15)
 Temple: D:4-7

Altars:
Hepliaklqana
Nemelex Xobeh

Annotations:
D:4 Grinder


Innate Abilities, Weirdness & Mutations

When hurt, damage is shared between your health and your magic reserves.
You have sharp fingernails.
You are agile. (Dex +2)
You are dopey. (Int -2)


Message History

The orc is almost dead.
You are no longer berserk.
You are exhausted.
You feel yourself slow down. The orc barely misses you.
Unknown command.
It was a potion of mutation.
You feel extremely strange.
You feel agile.
You feel stupid.
Your fingernails lengthen.
The orc closely misses you. The orc hits you but does no damage.
Unknown command.
You barely miss the orc.
The orc is almost dead.
You slash the ogre!
You feel sick. The ogre barely misses you. The orc hits you but does no damage.
The ogre hits you with a +0 giant club.
Unknown command.
Unknown command.
You slash the orc!
You kill the orc!
Trog accepts your kill.
You barely miss the ogre. The ogre hits you with a +0 giant club!
You die...

.......###........#....#
.................##....#
.......................#
..##................#..#
...##....$..........#...
......................
#....#...............
#..##o<...##.......##
#.O@#....###.#.....
##..#.....# .#.....
.............. ...
#........#....##.
#........##..##
##........ ....
..#...........
...##.......


You could see an ogre and an orc.

Vanquished Creatures
  A worker ant (D:4)
  An orc wizard (D:4)
  An adder (D:3)
  An ooze (D:3)
  A leopard gecko (D:2)
  3 orcs
  A bat (D:3)
  3 goblins
  3 hobgoblins
  3 jackals (D:1)
  A quokka (D:3)
  2 frilled lizards (D:3)
  A kobold (D:3)
  6 rats
28 creatures vanquished.

Notes
Turn   | Place    | Note
-------+----------+-------------------------------------------
     0 | D:1      | emperorscorpion the Demonspawn Berserker began the quest
                  | for the Orb.
     0 | D:1      | Reached XP level 1. HP: 18/18 MP: 1/1
   169 | D:2      | Gained mutation: When hurt, damage is shared between your
                  | health and your magic reserves. [demonic ancestry]
   169 | D:2      | Reached XP level 2. HP: 6/24 MP: 2/2
   243 | D:4      | Noticed an ogre
   245 | D:4      | Noticed an ogre
   260 | D:4      | Noticed a phantom
   260 | D:4      | Noticed Grinder
   330 | D:3      | Reached XP level 3. HP: 9/29 MP: 3/3
   408 | D:3      | Found a faded altar of an unknown god.
   408 | D:3      | Found a sparkling altar of Nemelex Xobeh.
   413 | D:3      | Found a hazy altar of Hepliaklqana.
   444 | D:4      | Noticed an orc warrior
   462 | D:3      | Reached ** piety under Trog
   667 | D:4      | Noticed an ogre
   668 | D:4      | Reached XP level 4. HP: 29/36 MP: 1/4
   677 | D:4      | Gained mutation: You are agile. (Dex +2) [potion of
                  | mutation]
   677 | D:4      | Gained mutation: You are dopey. (Int -2) [potion of
                  | mutation]
   677 | D:4      | Gained mutation: You have sharp fingernails. [potion of
                  | mutation]
   679 | D:4      | Slain by an ogre

Levels and vault maps discovered:
D:1:      minmay_arrival_pointy, layout_basic
D:2:      layout_loops_ring, nemelex_lonely_heart_becter, uniq_natasha,
          uniq_crazy_yiuf_cottage
D:3:      kennysheep_goblin_castle, layout_basic,
          chequers_temple_overflow_minitemple, first_ration
D:4:      layout_cave_pools, kennysheep_mini_moat,
          hangedman_abyss_or_decor_stabs, minmay_rat_hole, uniq_grinder

Skill      XL: |  1  2  3 |
---------------+----------+-----
Axes           | 3 |  3.9
Dodging        | 2 |  2.1
Armour         | 2 |  2.0
Fighting       | |  3.6
Stealth        | |  0.6
Shields        | |  0.1

Action                   |  1- 3 |  4- 6 || total
-------------------------+-------+-------++-------
Melee: Hand axe          |    76 |    10 ||    86
Invok: Berserk           |     5 |       ||     5
  Use: Scroll            |     2 |       ||     2
       Potion            |     1 |     1 ||     2
 Stab: Sleeping          |     3 |       ||     3
  Eat: Chunk             |     3 |       ||     3
Armor: Animal skin       |     4 |       ||     4
       Chain mail        |     2 |     3 ||     5
Dodge: Dodged            |    43 |     4 ||    47
Block: Buckler           |     6 |       ||     6

Table legend:
 A = Non-vault XP
 B = Vault XP
 C = Vault XP percentage of total XP
 D = Non-vault monster count
 E = Vault monster count
 F = Vault count percentage of total count
                 A         B        C        D         E       F
            +---------+---------+-------+---------+---------+-------
      Total |     134 |       0 |   0.0 |      28 |       0 |   0.0
            +---------+---------+-------+---------+---------+-------
        D:1 |      11 |       0 |   0.0 |       6 |       0 |   0.0
        D:2 |       3 |       0 |   0.0 |       1 |       0 |   0.0
        D:3 |      43 |       0 |   0.0 |      17 |       0 |   0.0
        D:4 |      77 |       0 |   0.0 |       4 |       0 |   0.0
            +---------+---------+-------+---------+---------+-------
